 Dungeon Crawl Stone Soup version 0.20-a0-277-g7db01f4 (webtiles) character file.

293 UristPineapples the Bolt Thrower (level 6, 47/47 HPs)
             Began as a Centaur Arcane Marksman on Nov 27, 2016.
             Was an Initiate of Okawaru.
             Quit the game on level 4 of the Dungeon on Nov 3, 2017.
             The game lasted 00:21:42 (3999 turns).

UristPineapples the Bolt Thrower (CeAM)             Turns: 3999, Time: 00:21:43

Health: 47/47      AC:  9    Str: 15    XL:     6   Next: 11%
Magic:  2/7        EV:  9    Int: 13    God:    Okawaru [......]
Gold:   107        SH:  0    Dex:  8    Spells: 1/7 levels left

rFire  . . .     SeeInvis .     a - +0 hand crossbow
rCold  . . .     Gourm    .     e - +0 robe
rNeg   . . .     Faith    .     (no shield)
rPois  .         Spirit   +     v - +1 helmet
rElec  .         Reflect  .     A - +1 cloak
rCorr  .         Harm     .     l - +0 pair of gloves
MR     .....                    (no barding)
Stlth  +.........               o - amulet of guardian spirit
                                (no ring)
                                (no ring)

@: very quick
A: hooves 3, deformed body, speed 2, tough skin 3
a: Renounce Religion


You were on level 4 of the Dungeon.
You worshipped Okawaru.
Okawaru was noncommittal.
You were not hungry.

You visited 1 branch of the dungeon, and saw 7 of its levels.

You collected 107 gold pieces.

Inventory:

Hand Weapons
 a - a +0 hand crossbow (weapon)
Missiles
 d - 38 bolts (quivered)
Armour
 e - a +0 robe (worn)
 i - a +0 plate armour
 l - a +0 pair of gloves (worn)
 v - a +1 helmet (worn)
 A - a +1 cloak (worn)
Jewellery
 o - an amulet of guardian spirit (around neck)
 z - a +4 ring of intelligence {unknown}
 D - an uncursed ring of protection from fire {unknown}
Scrolls
 j - a scroll of random uselessness {unknown}
 m - 2 scrolls of immolation {unknown}
 p - 2 scrolls of blinking {unknown}
 q - 3 scrolls of identify {unknown}
 r - 3 scrolls of enchant armour {unknown}
 t - a scroll of noise {unknown}
 x - 3 scrolls of magic mapping {unknown}
 y - a scroll of amnesia {unknown}
Potions
 g - a potion of lignification {unknown}
 h - a potion of berserk rage {unknown}
 k - a potion of flight {unknown}
 s - a potion of cure mutation {unknown}
 u - a potion of heal wounds {unknown}
 w - 4 potions of curing {unknown}
 B - a potion of magic {unknown}
Books
 c - a book of Debilitation

   Spells                             Type                      Level
   a - Corona                         Hexes                        1
   b - Slow                           Hexes                        2
   c - Gell's Gravitas                Hexes/Translocation          3
   d - Inner Flame                    Hexes/Fire                   3
   e - Cause Fear                     Hexes                        4
   f - Leda's Liquefaction            Hexes/Earth                  4
Comestibles
 b - a royal jelly
 f - a bread ration
 n - 2 meat rations
 C - a chunk of flesh


   Skills:
 - Level 1.0 Fighting
 * Level 5.1 Crossbows
 - Level 1.1 Armour
 - Level 1.3 Dodging
 - Level 1.0 Spellcasting
 * Level 4.5 Hexes
 * Level 0.0 Invocations


You had one spell level left.
You knew the following spells:

 Your Spells              Type           Power        Failure   Level  Hunger
a - Corona                Hex            ##.....      6%          1    ##.....
b - Slow                  Hex            ##......     10%         2    ###....
c - Inner Flame           Hex/Fire       #.......     34%         3    ####...


Dungeon Overview and Level Annotations

Branches:
Dungeon (7/15)
 Temple: D:4-7

Altars:
Elyvilon
Makhleb
Okawaru
The Shining One


Innate Abilities, Weirdness & Mutations

You have hooves in place of feet.
Armour fits poorly on your strangely shaped body.
You cover ground very quickly.
You have extremely tough skin. (AC +3)


Message History

The adder resists with significant effort.
The ball python hisses angrily.
Unknown command.
Casting: Slow
Confirm with . or Enter, or press ? or * to list all spells.
Aiming: Inner Flame
Press: ? - help, Shift-Dir - straight line, f/p - adder
Aim: an adder (chance to defeat MR: 57%)
The adder resists with significant effort.
The adder closely misses you.
Saving game... please wait.
Welcome back, UristPineapples the Centaur Arcane Marksman.
Okawaru says: Bring me glory in combat!
Press ? for a list of commands and other information.
Quiver which item? (- for none, * to show all) (? for menu, Esc to quit)
Okay, then.
Unknown command.
Quiver which item? (- for none, * to show all) (? for menu, Esc to quit)
Okay, then.
Are you sure you want to abandon this character and quit the game? (Confirm with "yes".)

## .# .# .######
......######.#
######.###
.####........#
#.S.S..... .#
#..####### #S####....
.# #..# #.# . ## #..#
#####@# #..#
#.....#### #..#
#........... #..#
#.########.. #..# #.#
# #..# #.# #
#..#####.#
#####........########
..>......#..........)


You could see an adder and a ball python.

Vanquished Creatures
  A phantom (D:4)
  A howler monkey (D:4)
  A worker ant (D:4)
  8 adders
  A worm (D:2)
  3 dart slugs
  3 leopard geckos
  A ball python (D:3)
  3 giant cockroaches
  5 goblins
  3 hobgoblins
  7 jackals
  6 bats
  5 frilled lizards
  10 kobolds
  7 rats
65 creatures vanquished.

Notes
Turn   | Place    | Note
-------+----------+-------------------------------------------
     0 | D:1      | UristPineapples the Centaur Arcane Marksman began the quest for the Orb.
     0 | D:1      | Reached XP level 1. HP: 16/16 MP: 2/2
   167 | D:1      | Reached XP level 2. HP: 21/23 MP: 1/3
   271 | D:1      | Reached skill level 3 in Crossbows
   739 | D:1      | Reached XP level 3. HP: 20/28 MP: 2/4
   743 | D:1      | Learned a level 2 spell: Slow
  1244 | D:2      | Found an iron altar of Okawaru.
  1244 | D:2      | Found a burning altar of Makhleb.
  1259 | D:2      | Became a worshipper of Warmaster Okawaru
  1485 | D:2      | Found a white marble altar of Elyvilon.
  1574 | D:2      | Found a glowing golden altar of the Shining One.
  1842 | D:2      | Reached XP level 4. HP: 33/35 MP: 5/5
  2157 | D:3      | Reached skill level 4 in Crossbows
  2850 | D:3      | Upgraded the game from 0.20-a0-214-gb74cb0e to 0.20-a0-277-g7db01f4
  3068 | D:4      | Reached XP level 5. HP: 32/40 MP: 4/6
  3134 | D:4      | Learned a level 3 spell: Inner Flame
  3233 | D:4      | Noticed a phantom
  3339 | D:4      | You fall through a shaft for 3 floors!
  3546 | D:5      | Entered Level 5 of the Dungeon
  3738 | D:4      | Killed a phantom
  3738 | D:4      | Reached skill level 5 in Crossbows
  3738 | D:4      | Reached skill level 1 in Armour
  3738 | D:4      | Reached XP level 6. HP: 47/47 MP: 4/7
  3999 | D:4      | Quit the game

Vault maps used:
D:1:      dpeg_arrival_rhombus
D:2:      overflow_temple_1_default, chequers_temple_overflow_statue_of_worship,
          tso_altar
D:4:      kennysheep_mini_moat
D:5:      corexii_shack_village, first_bread
D:6:      nemelex_xobeh_ov_fountains_minmay

Skill      XL: |  1  2  3  4  5 |
---------------+----------------+-----
Crossbows      | 3 4 5 |  5.1
Hexes          | 3 4 |  4.5
Armour         | 1 |  1.1
Fighting       | |  1.0
Dodging        | |  1.3
Spellcasting   | |  1.0

Action                   |  1- 3 |  4- 6 || total
-------------------------+-------+-------++-------
Melee: Hand crossbow     |    62 |    47 ||   109
       Kick              |     7 |     5 ||    12
 Fire: Hand crossbow     |    87 |    88 ||   175
Throw: Tomahawk          |       |    16 ||    16
 Cast: Corona            |    20 |     5 ||    25
       Slow              |       |     3 ||     3
       Inner Flame       |       |     2 ||     2
  Eat: Chunk             |     3 |     6 ||     9
Armor: Robe              |    52 |    51 ||   103
Dodge: Dodged            |    56 |    74 ||   130
